% Time on Ice - PHOENIX MUSTANGS
Lines # - Real PCT - Wanted PCT - Time Play
Normal Forward
1 - 33% - 37% - 15:40
2 - 27% - 31% - 12:47
3 - 24% - 26% - 11:28
4 - 17% - 6% - 8:04
Normal Defense
1 - 39% - 42% - 18:40
2 - 30% - 31% - 14:26
3 - 23% - 17% - 11:13
4 - 8% - 10% - 3:40
PP Forward
1 - 62% - 55% - 1:14
2 - 38% - 45% - 0:45
PP Defense
1 - 62% - 55% - 1:14
2 - 38% - 45% - 0:45
PK Forward
1 - 63% - 55% - 4:52
2 - 37% - 45% - 2:55
PK Defense
1 - 48% - 55% - 3:42
2 - 52% - 45% - 4:05
PK3 Forward
1 - 0% - 55%
2 - 0% - 45%
PK3 Defense
1 - 0% - 55%
2 - 0% - 45%
44 Forward
1 - 84% - 55% - 1:40
2 - 16% - 45% - 0:19
44 Defense
1 - 37% - 55% - 0:44
2 - 63% - 45% - 1:15
Last Minute Offensive  - 0:16
Last Minute Defensive  - 0:00
Total
Forward - 60:00
Defense - 60:00
% Time on Ice - ANCHORAGE ACES
Lines # - Real PCT - Wanted PCT - Time Play
Normal Forward
1 - 31% - 36% - 15:03
2 - 33% - 34% - 15:59
3 - 23% - 25% - 10:57
4 - 13% - 5% - 6:16
Normal Defense
1 - 33% - 33% - 15:55
2 - 32% - 33% - 15:29
3 - 35% - 33% - 16:51
4 - 0% - 1% - 0:00
PP Forward
1 - 54% - 55% - 4:12
2 - 46% - 45% - 3:35
PP Defense
1 - 59% - 55% - 4:37
2 - 41% - 45% - 3:10
PK Forward
1 - 53% - 55% - 1:03
2 - 47% - 45% - 0:56
PK Defense
1 - 24% - 55% - 0:29
2 - 76% - 45% - 1:30
PK3 Forward
1 - 0% - 55%
2 - 0% - 45%
PK3 Defense
1 - 0% - 55%
2 - 0% - 45%
44 Forward
1 - 100% - 55% - 1:59
2 - 0% - 45% - 0:00
44 Defense
1 - 80% - 55% - 1:35
2 - 20% - 45% - 0:24
Last Minute Offensive  - 0:00
Last Minute Defensive  - 0:00
Total
Forward - 60:00
Defense - 60:00
Play-by-Play 1st period 0:01 of 1st period - Nathan MacKinnon wins face-off versus Nicklas Backstrom in neutral zone. 0:38 of 1st period - Shot by Nathan MacKinnon. 0:38 of 1st period - Shot Misses the Net. 0:40 of 1st period - Shot by Jacob Trouba. 0:40 of 1st period - Shot Blocked by Erik Karlsson. 0:54 of 1st period - Icing by Jonas Brodin. 0:55 of 1st period - Nicklas Backstrom wins face-off versus Leon Draisaitl in PHOENIX MUSTANGS zone. 1:05 of 1st period - Icing by Ben Chiarot. 1:06 of 1st period - Phil Kessel wins face-off versus Leon Draisaitl in ANCHORAGE ACES zone. 1:31 of 1st period - Icing by Ben Chiarot. 1:32 of 1st period - Leon Draisaitl wins face-off versus Jeff Carter in ANCHORAGE ACES zone. 1:32 of 1st period - Leon Draisaitl is hit by Jeff Carter. 2:06 of 1st period - Shot by Kevin Labanc. 2:06 of 1st period - Shot Misses the Net. 2:08 of 1st period - Shot by Jeff Carter. 2:08 of 1st period - Shot Blocked by Niklas Hjalmarsson. 2:10 of 1st period - Shot by Kevin Labanc. 2:10 of 1st period - Goal by Kevin Labanc - PHOENIX MUSTANGS : 1 - ANCHORAGE ACES : 0. 2:11 of 1st period - Kevin Hayes wins face-off versus Tyler Bozak in neutral zone. 2:20 of 1st period - Shot by Kevin Hayes. 2:20 of 1st period - Stopped by Martin Jones without a rebound. 2:21 of 1st period - Tyler Bozak wins face-off versus Andrew Copp in ANCHORAGE ACES zone. 3:32 of 1st period - Joonas Donskoi is hit by Erik Karlsson and loses puck. 3:40 of 1st period - Minor Penalty to Jacob Trouba for Tripping. 3:41 of 1st period - Nicklas Backstrom wins face-off versus Tyler Bozak in ANCHORAGE ACES zone. 3:52 of 1st period - Shot by T.J. Oshie. 3:52 of 1st period - Shot Misses the Net. 4:17 of 1st period - T.J. Oshie is hit by Jakob Silfverberg and loses puck. 5:11 of 1st period - Shot by Phil Kessel. 5:11 of 1st period - Stopped by Martin Jones without a rebound. 5:12 of 1st period - Nate Thompson wins face-off versus Kevin Hayes in ANCHORAGE ACES zone. 5:36 of 1st period - Shot by Kevin Hayes. 5:36 of 1st period - Stopped by Martin Jones without a rebound. 5:37 of 1st period - Tyler Bozak wins face-off versus Kevin Hayes in ANCHORAGE ACES zone. 6:03 of 1st period - Shot by Connor McDavid. 6:03 of 1st period - Shot Blocked by Oscar Fantenberg. 6:43 of 1st period - Shot by Jakob Silfverberg. 6:43 of 1st period - Stopped by Corey Crawford with a rebound. 6:45 of 1st period - Shot by Chris Kreider. 6:45 of 1st period - Deflect By Leon Draisaitl. 6:45 of 1st period - Shot Misses the Net. 7:17 of 1st period - Shot by Chris Kreider. 7:17 of 1st period - Deflect By Leon Draisaitl. 7:17 of 1st period - Stopped by Corey Crawford with a rebound. 7:49 of 1st period - Shot by Nate Thompson. 7:49 of 1st period - Stopped by Corey Crawford without a rebound. 7:50 of 1st period - Tyler Bozak wins face-off versus Nicklas Backstrom in PHOENIX MUSTANGS zone. 7:51 of 1st period - Shot by Josh Archibald. 7:51 of 1st period - Shot Blocked by Jonas Brodin. 7:59 of 1st period - Shot by Nicklas Backstrom. 7:59 of 1st period - Deflect By T.J. Oshie. 7:59 of 1st period - Shot Misses the Net. 8:01 of 1st period - Shot by T.J. Oshie. 8:01 of 1st period - Stopped by Martin Jones without a rebound. 8:02 of 1st period - Nathan MacKinnon wins face-off versus Kevin Hayes in ANCHORAGE ACES zone. 8:29 of 1st period - Shot by Nathan MacKinnon. 8:29 of 1st period - Shot Misses the Net. 8:31 of 1st period - Shot by Niklas Hjalmarsson. 8:31 of 1st period - Stopped by Corey Crawford without a rebound. 8:32 of 1st period - Nicklas Backstrom wins face-off versus Tyler Bozak in PHOENIX MUSTANGS zone. 8:40 of 1st period - T.J. Oshie is hit by Deryk Engelland and loses puck. 8:48 of 1st period - T.J. Oshie is hit by Darnell Nurse and loses puck. 9:11 of 1st period - Shot by T.J. Oshie. 9:11 of 1st period - Shot Blocked by Darnell Nurse. 9:13 of 1st period - Shot by T.J. Oshie. 9:13 of 1st period - Shot Misses the Net. 9:15 of 1st period - Shot by Nicklas Backstrom. 9:15 of 1st period - Shot Misses the Net. 9:17 of 1st period - Shot by Justin Faulk. 9:17 of 1st period - Shot Misses the Net. 9:55 of 1st period - Off-side. 9:56 of 1st period - Kevin Hayes wins face-off versus Nathan MacKinnon in neutral zone. 10:49 of 1st period - Icing by Joonas Donskoi. 10:50 of 1st period - Jeff Carter wins face-off versus Nathan MacKinnon in ANCHORAGE ACES zone. 11:10 of 1st period - Shot by Kevin Labanc. 11:10 of 1st period - Deflect By Jeff Carter. 11:10 of 1st period - Shot Misses the Net. 11:18 of 1st period - Shot by Christian Dvorak. 11:18 of 1st period - Shot Misses the Net. 11:20 of 1st period - Shot by Jake Gardiner. 11:20 of 1st period - Stopped by Martin Jones without a rebound. 11:21 of 1st period - Nicklas Backstrom wins face-off versus Tyler Bozak in ANCHORAGE ACES zone. 11:34 of 1st period - Shot by T.J. Oshie. 11:34 of 1st period - Shot Misses the Net. 11:38 of 1st period - Shot by Nicklas Backstrom. 11:38 of 1st period - Shot Blocked by Deryk Engelland. 11:40 of 1st period - Shot by T.J. Oshie. 11:40 of 1st period - Shot Blocked by Deryk Engelland. 11:53 of 1st period - Shot by Nicklas Backstrom. 11:53 of 1st period - Shot Misses the Net. 11:55 of 1st period - Shot by T.J. Oshie. 11:55 of 1st period - Shot Misses the Net. 11:57 of 1st period - Shot by Oscar Fantenberg. 11:57 of 1st period - Stopped by Martin Jones without a rebound. 11:58 of 1st period - Jeff Carter wins face-off versus Leon Draisaitl in ANCHORAGE ACES zone. 12:09 of 1st period - Shot by Christian Dvorak. 12:09 of 1st period - Goal by Christian Dvorak - PHOENIX MUSTANGS : 2 - ANCHORAGE ACES : 0. 12:10 of 1st period - Nate Thompson wins face-off versus Kevin Hayes in neutral zone. 12:12 of 1st period - Off-side. 12:13 of 1st period - Leon Draisaitl wins face-off versus Kevin Hayes in neutral zone. 12:20 of 1st period - Shot by Kevin Hayes. 12:20 of 1st period - Stopped by Martin Jones without a rebound. 12:21 of 1st period - Nicklas Backstrom wins face-off versus Leon Draisaitl in ANCHORAGE ACES zone. 12:44 of 1st period - Shot by Jakob Silfverberg. 12:44 of 1st period - Shot Misses the Net. 13:21 of 1st period - Icing by Dennis Cholowski. 13:22 of 1st period - Nathan MacKinnon wins face-off versus Kevin Hayes in PHOENIX MUSTANGS zone. 13:36 of 1st period - Shot by Nathan MacKinnon. 13:36 of 1st period - Stopped by Corey Crawford with a rebound. 13:46 of 1st period - Shot by Connor McDavid. 13:46 of 1st period - Deflect By Nathan MacKinnon. 13:46 of 1st period - Stopped by Corey Crawford without a rebound. 13:47 of 1st period - Jeff Carter wins face-off versus Tyler Bozak in PHOENIX MUSTANGS zone. 13:55 of 1st period - Icing by Tyler Bozak. 13:56 of 1st period - Jeff Carter wins face-off versus Josh Archibald in ANCHORAGE ACES zone. 14:09 of 1st period - Tyler Bozak is hit by Jonas Brodin and loses puck. 14:31 of 1st period - Josh Archibald is hit by Jonas Brodin and loses puck. 15:08 of 1st period - Icing by Ryan Suter. 15:09 of 1st period - Nathan MacKinnon wins face-off versus Kevin Hayes in ANCHORAGE ACES zone. 15:16 of 1st period - Shot by Jacob Trouba. 15:16 of 1st period - Goal by Jacob Trouba - PHOENIX MUSTANGS : 2 - ANCHORAGE ACES : 1. 15:17 of 1st period - Leon Draisaitl wins face-off versus Nicklas Backstrom in neutral zone. 15:24 of 1st period - Shot by Chris Kreider. 15:24 of 1st period - Shot Misses the Net. 15:54 of 1st period - Shot by Nicklas Backstrom. 15:54 of 1st period - Stopped by Martin Jones without a rebound. 15:55 of 1st period - Kevin Hayes wins face-off versus Nathan MacKinnon in ANCHORAGE ACES zone. 15:55 of 1st period - Kevin Hayes is hit by Deryk Engelland. 16:05 of 1st period - Shot by Phil Kessel. 16:05 of 1st period - Stopped by Martin Jones without a rebound. 16:06 of 1st period - Nate Thompson wins face-off versus Jeff Carter in ANCHORAGE ACES zone. 16:15 of 1st period - Kevin Labanc is hit by Cal Clutterbuck and loses puck. 16:22 of 1st period - Shot by Andrew Cogliano. 16:22 of 1st period - Stopped by Corey Crawford without a rebound. 16:23 of 1st period - Kevin Hayes wins face-off versus Nathan MacKinnon in PHOENIX MUSTANGS zone. 16:23 of 1st period - Kevin Hayes is hit by Joonas Donskoi. 16:35 of 1st period - Shot by Kevin Hayes. 16:35 of 1st period - Goal by Kevin Hayes - PHOENIX MUSTANGS : 3 - ANCHORAGE ACES : 1. 16:36 of 1st period - Leon Draisaitl wins face-off versus Nicklas Backstrom in neutral zone. 17:54 of 1st period - Shot by Phil Kessel. 17:54 of 1st period - Stopped by Martin Jones with a rebound. 18:16 of 1st period - Shot by Nathan MacKinnon. 18:16 of 1st period - Goal by Nathan MacKinnon - PHOENIX MUSTANGS : 3 - ANCHORAGE ACES : 2. 18:17 of 1st period - Jeff Carter wins face-off versus Tyler Bozak in neutral zone. 18:22 of 1st period - Deryk Engelland is hit by Jeff Carter and loses puck. 18:36 of 1st period - Minor Penalty to Oscar Fantenberg for Slashing. 18:37 of 1st period - Kevin Hayes wins face-off versus Nathan MacKinnon in PHOENIX MUSTANGS zone. 19:50 of 1st period - Justin Faulk is hit by Leon Draisaitl and loses puck. Goals for this period are 3 for PHOENIX MUSTANGS vs 2 for ANCHORAGE ACES. Shots for this period are 13 for PHOENIX MUSTANGS vs 9 for ANCHORAGE ACES. 2nd period 0:01 of 2nd period - Kevin Hayes wins face-off versus Connor McDavid in neutral zone. 0:24 of 2nd period - Shot by Chris Kreider. 0:24 of 2nd period - Shot Misses the Net. 0:26 of 2nd period - Shot by Leon Draisaitl. 0:26 of 2nd period - Goal by Leon Draisaitl - PHOENIX MUSTANGS : 3 - ANCHORAGE ACES : 3. 0:27 of 2nd period - Tyler Bozak wins face-off versus Nicklas Backstrom in neutral zone. 0:48 of 2nd period - Shot by Josh Archibald. 0:48 of 2nd period - Shot Misses